 Dungeon Crawl Stone Soup version 0.28.0-53-g5a82cb258f (webtiles) character file.

Game seed: 11858016358392709012

3555 Sin92 the Basher (level 9, 0/72 HPs)
             Began as a Demonspawn Fighter on June 29, 2022.
             Was an Elder of Okawaru.
             Slain by a troll (2 damage)
             ... on level 7 of the Dungeon.
             The game lasted 00:10:29 (9193 turns).

Sin92 the Basher (Demonspawn Fighter)               Turns: 9193, Time: 00:10:31

Health: 0/72       AC: 10    Str: 20    XL:     9   Next: 83%
Magic:  18/18      EV:  9    Int: 10    God:    Okawaru [****..]
Gold:   221        SH: 12    Dex: 23    Spells: 8/8 levels left

rFire   + . .      SeeInvis .   v - +5 whip "Ollim" {vorpal, Drain Fly rC++}
rCold   + + +      Faith    .   p - +0 kite shield
rNeg    . . .      Spirit   .   o - +3 leather armour of the Present {rF+ MP+9 Dex+4}
rPois   +          Reflect  .   F - +0 helmet
rElec   .          Harm     .   (no cloak)
rCorr   .          Rampage  .   (no gloves)
Will    +....                   (no boots)
Stlth   +.........              (no amulet)
HPRegen 0.22/turn               j - ring of willpower
MPRegen 0.16/turn               z - ring "Jif Zucw" {Fly rPois rC++ Dex+6 Stlth-}

@: flying
A: thin metallic scales 1, spiny 2
a: Renounce Religion, Heroism, Finesse


You were on level 7 of the Dungeon.
You worshipped Okawaru.
Okawaru was greatly pleased with you.
You visited 1 branch of the dungeon, and saw 8 of its levels.
You also visited: Sewer.

You collected 1363 gold pieces.
You spent 1142 gold pieces at shops.

Inventory:

Hand Weapons
 a - a +1 flail
 v - the +5 whip "Ollim" (weapon) {vorpal, Drain Fly rC++}
   (You found it in a sewer)

   It inflicts extra damage upon your enemies.
   rC:        It greatly protects you from cold.
   Fly:       It grants you flight.
   Drain:     It drains your maximum health when unequipped.
Missiles
 g - 5 throwing nets (quivered)
Armour
 b - a +0 scale mail
 c - a +0 buckler
 i - a +1 chain mail
 o - the +3 leather armour of the Present (worn) {rF+ MP+9 Dex+4}
   (You found it on level 4 of the Dungeon)

   Dex:       It affects your dexterity (+4).
   rF:        It protects you from fire.
   MP:        It affects your magic capacity (+9).
 p - a +0 kite shield (worn)
 F - a +0 helmet (worn)
Jewellery
 j - a ring of willpower (left hand)
 z - the ring "Jif Zucw" (right hand) {Fly rPois rC++ Dex+6 Stlth-}
   (You bought it in a shop on level 2 of the Dungeon)

   [ring of dexterity]

   Dex:       It affects your dexterity (+6).
   rC:        It greatly protects you from cold.
   rPois:     It protects you from poison.
   Fly:       It grants you flight.
   Stlth:     It makes you less stealthy.
Wands
 n - a wand of flame (13)
 C - a wand of iceblast (13)
Scrolls
 h - 3 scrolls of teleportation
 l - 2 scrolls of immolation
 r - a scroll of silence
 A - a scroll of magic mapping {unknown}
 B - a scroll of summoning {unknown}
 E - a scroll of blinking {unknown}
Potions
 d - a potion of might
 e - a potion of berserk rage
 f - a potion of invisibility
 k - 2 potions of mutation {unknown}
 m - 2 potions of resistance
 q - 7 potions of curing
 s - 3 potions of haste
 t - 3 potions of heal wounds
 u - a potion of lignification
 w - 2 potions of attraction
 x - 3 potions of flight {unknown}
 D - a potion of brilliance


   Skills:
 + Level 7.0 Fighting
 * Level 8.4 Maces & Flails
 + Level 6.3 Armour
 + Level 6.4 Shields


You had 8 spell levels left.
You didn't know any spells.
Your spell library contained the following spells:

 Spells                   Type           Power      Damage    Failure   Level
 Sandblast                Erth           0%         2d4       75%         1
 Shock                    Conj/Air       0%         1d3       75%         1
 Slow                     Hex            0%         N/A       75%         1
 Corpse Rot               Necr/Air       0%         N/A       87%         2
 Passwall                 Tmut/Erth      0%         N/A       87%         2
 Poisonous Vapours        Pois/Air       0%         N/A       87%         2
 Sublimation of Blood     Necr           0%         N/A       87%         2
 Wereblood                Tmut           0%         N/A       87%         2
 Confusing Touch          Hex            0%         N/A       98%         3
 Portal Projectile        Hex/Tloc       0%         N/A       98%         3
 Stone Arrow              Conj/Erth      0%         3d7       98%         3
 Swiftness                Air            0%         N/A       98%         3
 Vampiric Draining        Necr           0%         2d6       98%         3
 Airstrike                Air            0%         N/A       100%        4
 Anguish                  Hex/Necr       0%         N/A       100%        4
 Leda's Liquefaction      Hex/Erth       0%         N/A       100%        4
 Enfeeble                 Hex            0%         N/A       100%        7
 Lehudib's Crystal Spear  Conj/Erth      0%         10d2      100%        8
 Call Canine Familiar     Summ           Unusable   N/A       N/A         3
 Tukima's Dance           Hex            Unusable   N/A       N/A         3
 Animate Armour           Summ/Erth      Unusable   N/A       N/A         4
 Summon Hydra             Summ           Unusable   N/A       N/A         7

Dungeon Overview and Level Annotations

Branches:
Dungeon (8/15)             Temple (0/1) D:7           Sewer (visited)
   Lair: D:8-11

Altars:
Dithmenos
Fedhas
Hepliaklqana
Okawaru
Sif Muna
Xom
Yredelemnul
The Shining One

Shops:
D:1 !   D:2 =   D:7 (*


Innate Abilities, Weirdness & Mutations

You are partially covered in thin metallic scales. (AC +2)
You are mostly covered in sharp spines.


Message History

You kill the steam dragon!
Okawaru accepts your kill.
The steam dragon scales are intact enough to wear.
Your Fighting skill increases to level 7!
Things that are here:
+0 steam dragon scales; a steam dragon corpse You hit the troll.
The troll is moderately wounded.
You block the troll's attack. The troll claws you but does no damage.
You block the troll's attack. The ice beast closely misses you.
You hit the troll.
The troll is heavily wounded.
The troll is struck by your spines. The troll bites you.
* * * LOW HITPOINT WARNING * * *
The troll claws you but does no damage. x2
You hit the troll.
The troll is severely wounded.
The ice beast is struck by your spines. The ice beast hits you.
* * * LOW HITPOINT WARNING * * *
The ice beast freezes you. You resist.
* * * LOW HITPOINT WARNING * * *
Unknown command.
You feel much better. You block the troll's attack. The troll claws you!
* * * LOW HITPOINT WARNING * * *
The troll claws you.
* * * LOW HITPOINT WARNING * * *
The ice beast hits you.
* * * LOW HITPOINT WARNING * * *
The ice beast freezes you. You resist.
* * * LOW HITPOINT WARNING * * *
The troll is struck by your spines. The troll bites you.
* * * LOW HITPOINT WARNING * * *
The troll closely misses you. x2
As you read the scroll of fear, it crumbles to dust.
You assume a fearsome visage.
The ice beast looks frightened!
The troll resists with some effort.
You block the troll's attack. The troll claws you.
* * * LOW HITPOINT WARNING * * *
The troll claws you.
You die...

# #.....#..## #............... #
#....#...## ####.......#######
###...##....####.##.........##
.......#......#.........#....#
#..#.......<#................#
#.##.##.#..##..............###
#......##..#...............#
......###..#..#..........#.##
.).†..<...##..##@....##..#..#
..........#...#YT....######'#
#.....##.....#.......# #.#
#....###..####......#######.#####
..##.###.#####.....###..+..∩..'.#
..#...##.##..#.....# #..###.###.#
.........##....###.###....#.###.#
.......(.#..###...........#+##..#
.............##...##...........##


You could see a troll and an ice beast (fleeing).

Vanquished Creatures
  Maggie (D:7)
  Grinder (D:3)
  2 steam dragons
  A water moccasin (D:6)
  2 sky beasts
  2 ice beasts
  A black bear (D:5)
  2 wolves (D:8)
  2 necrophages
  An ogre (D:6)
  4 centaurs
  A kobold brigand (D:7)
  3 bullfrogs
  3 scorpions
  3 wights (D:6)
  A centaur zombie (D:7)
  2 gnoll shamans
  2 bullfrog skeletons
  6 hounds
  3 jellies
  5 iguanas
  An orc wizard (D:4)
  A scorpion zombie (D:5)
  A hound skeleton (D:4)
  7 gnolls
  10 adders
  6 river rats (Sewer)
  A shadow imp (D:7)
  2 white imps
  2 ufetubi
  2 worms
  3 dart slugs
  9 orcs
  5 endoplasms
  3 giant cockroaches
  3 hobgoblins
  2 jackals (D:1)
  28 kobolds
  A quokka (D:4)
  13 ball pythons
  6 bats
  4 frilled lizards
  4 goblins
  24 rats
186 creatures vanquished.

Notes
Turn   | Place    | Note
-------+----------+-------------------------------------------
     0 | D:1      | Sin92 the Demonspawn Fighter began the quest for the Orb.
     0 | D:1      | Reached XP level 1. HP: 18/18 MP: 1/1
   288 | D:1      | Reached skill level 2 in Maces & Flails
   415 | D:1      | Found a faded altar of an unknown god.
   453 | D:1      | Gained mutation: You are partially covered in sharp spines.
                  | [demonic ancestry]
   453 | D:1      | Reached XP level 2. HP: 13/24 MP: 2/2
  1092 | D:1      | Found Untaisugi's Distillery.
  1214 | D:1      | Reached XP level 3. HP: 29/29 MP: 3/3
  1885 | D:2      | Found Caob's Jewellery Boutique.
  2291 | D:2      | Reached XP level 4. HP: 35/35 MP: 4/4
  2883 | D:3      | Found an iron altar of Okawaru.
  2898 | D:3      | Became a worshipper of Warmaster Okawaru
  2991 | D:3      | Reached skill level 3 in Maces & Flails
  3002 | D:3      | Gained mutation: You are mostly covered in sharp spines.
                  | [demonic ancestry]
  3002 | D:3      | Reached XP level 5. HP: 30/42 MP: 5/5
  3224 | D:3      | Noticed Grinder
  3225 | D:3      | Paralysed by Grinder for 4 turns
  3237 | D:3      | Killed Grinder
  3237 | D:3      | Reached * piety under Okawaru
  3238 | D:3      | Reached skill level 4 in Maces & Flails
  3238 | D:3      | Gained mutation: You are partially covered in thin metallic
                  | scales. (AC +2) [demonic ancestry]
  3238 | D:3      | Reached XP level 6. HP: 36/48 MP: 6/6
  3249 | D:3      | Found a basalt altar of Yredelemnul.
  3249 | D:3      | Found a shimmering blue altar of Sif Muna.
  3249 | D:3      | Found a hazy altar of Hepliaklqana.
  3945 | D:4      | Identified the +3 leather armour of the Present {rF+ MP+9
                  | Dex+4}
  4061 | D:4      | Reached XP level 7. HP: 54/55 MP: 7/7
  4115 | D:4      | Noticed a steam dragon
  4128 | D:4      | Killed a steam dragon
  4812 | D:5      | Entered Level 5 of the Dungeon
  4823 | D:5      | Reached skill level 5 in Maces & Flails
  4841 | D:5      | Found a glowing drain.
  4862 | Sewer    | Entered a sewer
  4937 | Sewer    | Reached ** piety under Okawaru
  5562 | Sewer    | Identified the +5 whip "Ollim" {vorpal, Drain Fly rC++}
  5645 | D:5      | Reached skill level 5 in Fighting
  5694 | D:5      | Reached XP level 8. HP: 50/62 MP: 8/8
  6137 | D:5      | Found a blossoming altar of Fedhas.
  6169 | D:5      | Found a shadowy altar of Dithmenos.
  6320 | D:5      | Found a shimmering altar of Xom.
  6446 | D:5      | Reached skill level 6 in Maces & Flails
  6732 | D:6      | Reached skill level 5 in Armour
  6732 | D:6      | Reached skill level 5 in Shields
  7480 | D:6      | Identified a scroll of acquirement
  7480 | D:6      | Acquired 1061 gold pieces
  7585 | D:2      | Bought the ring "Jif Zucw" {Fly rPois rC++ Dex+6 Stlth-}
                  | for 1142 gold pieces
  7751 | D:6      | Reached skill level 7 in Maces & Flails
  7760 | D:6      | Reached *** piety under Okawaru
  7761 | D:6      | Reached XP level 9. HP: 58/69 MP: 9/9
  8159 | D:7      | Found Binybloame's Weapon Shop.
  8189 | D:7      | Noticed Maggie
  8201 | D:7      | Killed Maggie
  8612 | D:7      | Found Ommery's General Store.
  8913 | D:7      | Found a staircase to the Ecumenical Temple.
  9158 | D:8      | Reached **** piety under Okawaru
  9159 | D:8      | Reached skill level 8 in Maces & Flails
  9172 | D:8      | Noticed a troll
  9190 | D:7      | HP: 3/72 [ice beast (2)]
  9190 | D:7      | HP: 1/72 [ice beast (2)]
  9193 | D:7      | Slain by a troll

Illustrated notes

Levels and vault maps discovered:
D:1:      dpeg_arrival_chambers_temple_mockup, layout_loops_ring, serial_shops,
          nicolae_shop_behind_doors, ebering_ecumenical_altar_rust,
          minmay_split_cup_large
D:2:      layout_loops_corners, serial_shops, shop
D:3:      layout_rooms, gammafunk_temple_overflow_forgotten, okawaru_gym_becter,
          cheibrodos_gnoll_hut, uniq_grinder
D:4:      layout_basic, minmay_strange_pillars
D:5:      layout_loops_cross, fedhas_altar_2,
          mainiacjoe_overflow_six_doors_small,
          nicolae_dithmenos_through_a_glass_darkly, portal_sewer_entry_a
D:6:      layout_cave_pods, mainiacjoe_overflow_boulevard,
          kennysheep_small_square
D:7:      layout_cave_pools, temple_hall, serial_shops, shop,
          nicolae_shop_hallway_plus, uniq_maggie
D:8:      layout_rooms, lightli_temple_of_fire, erik_lair_island, special_room
          [special_room_orc], minmay_misc_feat_plants

Skill      XL: |  1  2  3  4  5  6  7  8  9 |
---------------+----------------------------+-----
Maces & Flails | 2 3 4 5 7 8 |  8.4
Shields        | 3 4 5 6 |  6.4
Armour         | 3 4 5 6 |  6.3
Fighting       | 4 5 6 7 |  7.0

Action                   |  1- 3 |  4- 6 |  7- 9 || total
-------------------------+-------+-------+-------++-------
Melee: Flail             |    85 |    74 |    80 ||   239
       Whip              |       |       |   201 ||   201
  Use: Scroll            |     1 |     5 |    12 ||    18
       Potion            |       |     2 |     2 ||     4
 Stab: Sleeping          |       |       |     2 ||     2
Armor: Scale mail        |    49 |       |       ||    49
       Chain mail        |    10 |    56 |       ||    66
       Leather armour    |       |     1 |    99 ||   100
Dodge: Dodged            |    34 |    23 |    94 ||   151
Block: Buckler           |    17 |    21 |    71 ||   109
       Kite shield       |       |       |    34 ||    34
